Cogmind - Beta 15 @@@ ROGUE MODE // 2025.05.10 @ 15:46:01 Player: Anting Result: Destroyed by Executioner with Helical Railgun Performance ------------- Evolutions (7) 3500 Regions Visited (25) 5000 Robots Destroyed (293) 1465 Value Destroyed (12652) 12652 Prototype IDs (68) 1360 Alien Tech Used (5) 1000 Bonus (13598) 13598 TOTAL SCORE: 38575 Bonus ------- High Alert Combat Kills 5983 Follower Combat Kills 269 Registered with UFD 300 Met Optimus in HQ 500 Found Hidden Lab 3000 Used Core Reset Matrix 3000 Met Optimus at Protoforge 1000 Friendly Fire -454 Cogmind --------- Core Integrity 0/1300 Matter 300/300 Energy 94/100 System Corruption 11% Temperature Cool (12) Movement Flying (28) Location -3/Protoforge Parts ------- > --- POWER (2) -------- (None) > --- PROPULSION (7) --- Cesium-ion Thruster Cesium-ion Thruster Xenon Bombardment Thruster Xenon Bombardment Thruster > --- UTILITY (11) ----- Advanced Signal Interpreter Hacking Suite Deep Network Scanner > --- WEAPON (2) ------- (None) > --- INVENTORY (5) ---- Light Humpback Peak State ------------ > --- POWER ------------ Improved Quantum Reactor > --- PROPULSION ------- Cooled Nuclear Pulse Thruster Cooled Nuclear Pulse Thruster Field Propulsion Array Impulse Thruster Array Experimental Surge Thruster > --- UTILITY ---------- Medium Storage Unit Long-range Sensor Array Advanced Signal Interpreter Heavy Regenerative Plating Hacking Suite Hacking Suite Deep Network Scanner Advanced System Shield > --- WEAPON ----------- Mini Smartbomb Launcher Kinetic Spear > --- INVENTORY -------- UFD Drillbomb [Rating: 141] Favorites ----------- Power Light Angular Momentum Engine Engine Light Angular Momentum Engine Power Core Nuclear Core Reactor Light Antimatter Reactor Propulsion Light Treads Treads Light Treads Leg Aluminum Leg Hover Unit Improved Antigrav System Flight Unit Cooled Nuclear Pulse Thruster Utility Hacking Suite Device Improved Heat Sink Storage Medium Storage Unit Processor Advanced Signal Interpreter Hackware Hacking Suite Protection Medium Regenerative Plating Weapon Advanced Beam Cannon Energy Gun Medium Laser Energy Cannon Advanced Beam Cannon Ballistic Gun Light Assault Rifle Ballistic Cannon Improved Light Cannon Launcher Mini Smartbomb Launcher Special Weapon Plasma Cutter Slashing Weapon Scythe Piercing Weapon Kinetic Spear Special Melee Weapon Datajack Build | -11 -10 -10 -9 -9 -8 -8 -8 -8 -6 -6 -6 -6 -5 -5 -5 -5 -4 -4 -4 -4 -4 -4 -3 -3 -3 ------- Run | Yrd Mat Min Mat Min Mat Sto Rec Scr Fac Was Fac Ext Fac Upp Upp Zhi Pro Fac Was Fac Arm Lab Res Qua Frg Slots Evolved 14 | . . . 2 . 2 . . . 4 . . . 2 . . . . 2 . . . . 2 . . Power 1 | . . . . . . . . . . . . . 1 . . . . . . . . . . . . Propulsion 4 | . . . 1 . 1 . . . . . . . 1 . . . . 1 . . . . . . . Utility 9 | . . . 1 . 1 . . . 4 . . . . . . . . 1 . . . . 2 . . Weapon . | . . . . . . . . . . . . . . . . . . . . . . . . . . Parts Attached 219 | 6 3 3 13 6 14 22 1 9 23 . 8 8 23 4 4 8 1 3 . 14 1 7 6 3 29 Power 32 | 1 1 . 1 . 1 6 . . 2 . 1 3 3 3 . 1 1 . . 1 1 1 . 1 4 Engine 19 | 1 1 . 1 . 1 4 . . . . . 2 2 3 . . 1 . . 1 1 . . 1 . Core 6 | . . . . . . 2 . . 2 . 1 1 . . . . . . . . . . . . . Reactor 7 | . . . . . . . . . . . . . 1 . . 1 . . . . . 1 . . 4 Propulsion 73 | 2 1 . 6 5 6 9 1 . 7 . 3 . 6 1 2 3 . . . 5 . 1 1 1 13 Treads 19 | . . . . 3 6 9 1 . . . . . . . . . . . . . . . . . . Leg 11 | 2 1 . 6 2 . . . . . . . . . . . . . . . . . . . . . Wheel . | . . . . . . . . . . . . . . . . . . . . . . . . . . Hover 1 | . . . . . . . . . . . . . . . . . . . . . . . . . 1 Flight 42 | . . . . . . . . . 7 . 3 . 6 1 2 3 . . . 5 . 1 1 1 12 Utility 72 | 1 . 1 2 1 5 2 . 4 11 . 3 3 9 . 1 4 . 3 . 7 . 3 5 . 7 Device 28 | . . . . 1 4 1 . 1 4 . 2 2 1 . 1 . . 2 . 5 . 1 1 . 2 Storage 9 | 1 . 1 1 . . . . . . . . . . . . 2 . 1 . . . . . . 3 Processor 5 | . . . . . . 1 . 2 . . 1 . . . . . . . . . . . 1 . . Hackware 22 | . . . . . . . . . 7 . . . 7 . . 1 . . . 2 . 1 3 . 1 Protection 8 | . . . 1 . 1 . . 1 . . . 1 1 . . 1 . . . . . 1 . . 1 Artifact . | . . . . . . . . . . . . . . . . . . . . . . . . . . Weapon 42 | 2 1 2 4 . 2 5 . 5 3 . 1 2 5 . 1 . . . . 1 . 2 . 1 5 Energy Gun 5 | 1 . . . . . 2 . . . . . . . . . . . . . . . 2 . . . Energy Cannon 7 | . . . 1 . 2 2 . 1 1 . . . . . . . . . . . . . . . . Ballistic Gun 6 | 1 . 1 . . . . . 1 1 . . 1 . . . . . . . . . . . . 1 Ballistic Cannon 4 | . 1 . 3 . . . . . . . . . . . . . . . . . . . . . . Launcher 8 | . . 1 . . . . . 1 . . . . 1 . . . . . . 1 . . . 1 3 Special Weapon 3 | . . . . . . 1 . . . . . 1 . . . . . . . . . . . . 1 Impact Weapon . | . . . . . . . . . . . . . . . . . . . . . . . . . . Slashing Weapon 6 | . . . . . . . . 2 . . 1 . 2 . 1 . . . . . . . . . . Piercing Weapon 1 | . . . . . . . . . . . . . 1 . . . . . . . . . . . . Special Melee Weapon 2 | . . . . . . . . . 1 . . . 1 . . . . . . . . . . . . Unidentified Prototypes 20 | . . . . . . 3 . . 1 . . 2 1 . . 3 . . . . 1 6 1 . 2 Parts Lost 77 | . 1 . 2 . 2 3 . 2 3 . . 8 18 . 2 . . . . 6 . . 5 . 25 Power 14 | . . . 1 . . 2 . . 1 . . 2 2 . 1 . . . . 1 . . . . 4 Propulsion 31 | . 1 . 1 . . . . 1 1 . . 1 9 . 1 . . . . 2 . . 2 . 12 Utility 24 | . . . . . 2 . . 1 1 . . 3 6 . . . . . . 2 . . 3 . 6 Weapon 8 | . . . . . . 1 . . . . . 2 1 . . . . . . 1 . . . . 3 Highest Loss Streak 9 | . 1 . 1 . 1 2 . 1 2 . . 3 4 . 2 . . . . 3 . . 4 . 9 To Critical Strikes . | . . . . . . . . . . . . . . . . . . . . . . . . . . Average Backups 11 | 3 6 8 16 19 19 19 20 19 8 8 8 8 6 5 4 4 5 6 8 8 8 7 9 8 5 Power . | . . . . . 1 1 1 1 . 1 1 1 . . . . . . . 1 1 . 1 1 . Propulsion 3 | 2 3 3 7 7 5 5 4 4 . 1 1 1 . . . . 1 2 4 4 3 . 1 1 . Utility 3 | . . 2 2 5 6 6 10 8 . 1 1 . 2 1 1 1 1 . 1 . 1 1 2 2 1 Weapon 3 | . 1 2 6 6 6 5 3 3 4 4 3 2 2 2 2 2 2 2 2 1 2 3 2 2 1 Tool/Special . | . . . . . . . . . . . . . . . . . . . . . . . . . . Unused Backups 35 | 1 . 1 4 . 1 5 1 5 5 . . . 2 . . 1 . 1 1 . . . . . 7 Power 1 | . . . . . . . . . . . . . . . . . . . 1 . . . . . . Propulsion 7 | . . 1 1 . 1 1 1 1 1 . . . . . . . . . . . . . . . . Utility 9 | . . . . . . . . 4 . . . . 1 . . . . 1 . . . . . . 3 Weapon 15 | 1 . . 3 . . 4 . . 4 . . . 1 . . . . . . . . . . . 2 Tool/Special 3 | . . . . . . . . . . . . . . . . 1 . . . . . . . . 2 Average Slot Usage (%) 85 | . 84 85 80 99 95 99 100 99 95 100 95 88 53 51 81 86 94 93 94 86 83 82 79 81 68 Engine 4 | . 14 14 10 11 9 6 . . . . . 2 . 1 4 . 3 5 5 4 5 5 4 4 2 Core 2 | . . . . . . 2 9 9 5 6 6 2 . . . . . . . . . . . . . Treads 10 | . . . . 14 36 35 36 35 . . . . . . . . . . . . . . . . . Leg 5 | . 27 28 30 18 . . . . . . . . . . . . . . . . . . . . . Flight 12 | . . . . . . . . . 25 26 26 26 7 7 19 24 29 31 31 29 31 30 26 27 22 Device 8 | . . . . 10 16 18 18 15 12 13 13 9 4 5 9 6 5 9 10 6 4 4 7 4 2 Storage 6 | . 14 14 11 11 9 9 9 9 6 6 6 6 2 . . . . 3 5 5 5 5 4 4 3 Processor 4 | . . . . . . 8 9 9 6 6 6 6 5 5 5 5 5 5 5 5 5 5 3 4 4 Hackware 12 | . . . . . . . . . 25 26 26 26 22 23 23 23 23 16 15 16 15 15 20 27 19 Protection 3 | . . . 6 11 6 . . 1 . . . . . . 4 8 11 10 10 10 10 10 5 4 3 Energy Cannon 4 | . . . 6 11 16 17 18 6 . . . . . . . . . . . . . . . . . Ballistic Gun 1 | . 11 11 2 . . . . 5 . . . . . . . . . . . . . . . . . Ballistic Cannon 2 | . 1 14 12 11 1 . . . . . . . . . . . . . . . . . . . . Slashing Weapon 1 | . . . . . . . . 5 6 6 5 5 2 . 4 5 5 5 5 1 . . . . . Piercing Weapon 1 | . . . . . . . . . . . . . 1 5 5 5 5 5 5 5 5 5 4 4 2 Peak Build Rating 141 | 6 7 8 16 20 31 32 29 36 55 52 64 69 71 55 71 90 92 102 105 106 98 114 130 137 141 Average Rating 54 | 4 6 7 12 19 26 27 29 30 46 52 60 62 44 42 64 78 88 99 102 95 92 97 123 129 119 On Entrance 56 | . 6 7 7 16 20 31 29 29 27 52 52 64 50 39 49 60 90 88 101 102 92 94 114 128 129 Naked Turns . | . . . . . . . . . . . . . . . . . . . . . . . . . . Heaviest Build 64 | 13 15 19 60 61 64 60 57 63 20 20 22 31 37 12 24 28 28 37 37 38 32 43 45 52 56 Greatest Support 92 | 20 20 20 30 60 92 92 80 80 20 20 23 23 44 12 34 30 42 38 38 48 37 45 45 55 58 Greatest Overweight (x) 7 | . 1 . 5 2 . 2 . . 1 . 7 1 4 . . . . . . 1 . . 1 1 1 Average Overweight (x) . | . . . . 1 . . . . . . . . . . . . . . . . . . . . . Largest Inventory Capacity 25 | 8 8 10 20 20 20 20 20 20 20 10 10 10 10 5 5 5 5 10 10 10 10 10 10 10 25 Average Capacity 12 | 6 8 8 18 20 20 20 20 20 10 10 10 10 7 5 5 5 5 8 10 10 10 10 10 10 9 Most Carried 20 | 5 8 8 20 20 20 20 20 20 17 10 10 10 10 5 5 5 5 9 10 10 10 10 10 10 10 Average Carried 12 | 3 6 7 16 19 19 19 20 19 10 10 9 9 6 4 4 4 5 6 9 9 9 7 9 9 7 Final Capacity 20 | 8 8 10 20 20 20 20 20 20 10 10 10 10 5 5 5 5 5 10 10 10 10 10 10 10 5 Final Carried 20 | 4 8 8 20 20 20 20 20 17 10 10 10 10 5 5 5 5 5 9 10 10 9 10 10 10 2 Class Distribution -------------------- 34% | Hacker-Sprinter 24% | Scavenger-Mutant 21% | Mutant 12% | Hacker-Mutant 6% | Wizard-Sprinter Dominant Class ---------------- Mutant | -10/Materials Mutant | -10/Mines Mutant | -9/Materials Scavenger-Mutant | -9/Mines Mutant | -8/Materials Scavenger-Mutant | -8/Storage Scavenger-Mutant | -8/Recycling Scavenger-Mutant | -8/Scraptown Hacker-Sprinter | -6/Factory Hacker-Sprinter | -6/Waste Hacker-Sprinter | -6/Factory Hacker-Sprinter | -6/Extension Hacker-Mutant | -5/Factory Hacker-Mutant | -5/Upper Caves Hacker-Mutant | -5/Upper Caves Hacker-Sprinter | -5/Zhirov Hacker-Sprinter | -4/Proximity Caves Hacker-Sprinter | -4/Factory Hacker-Sprinter | -4/Waste Hacker-Sprinter | -4/Factory Hacker-Sprinter | -4/Armory Hacker-Sprinter | -4/Lab Wizard-Scout | -3/Research Wizard-Sprinter | -3/Quarantine Hacker-Sprinter | -3/Protoforge Resources | -11 -10 -10 -9 -9 -8 -8 -8 -8 -6 -6 -6 -6 -5 -5 -5 -5 -4 -4 -4 -4 -4 -4 -3 -3 -3 ----------- Run | Yrd Mat Min Mat Min Mat Sto Rec Scr Fac Was Fac Ext Fac Upp Upp Zhi Pro Fac Was Fac Arm Lab Res Qua Frg Matter Collected 10075 | 260 76 50 423 212 205 332 45 104 348 10 47 345 189 205 146 100 5 96 10 199 . . 126 215 6327 Remotely . | . . . . . . . . . . . . . . . . . . . . . . . . . . Salvage Created 10432 | . 319 10 558 320 1053 1427 59 . 419 . 155 647 477 184 . 288 5 235 . 330 . . 126 215 3605 Parts 567 | . 27 2 32 27 43 85 3 . 26 . 15 31 41 2 . 5 3 7 . 21 . . 15 12 170 Haulers Intercepted 12 | . 1 . 5 . . 5 . . 1 . . . . . . . . . . . . . . . . Recyclers Shooed 3 | . . . . 1 1 . . . . . . . . . . . . . . 1 . . . . . Parts Field Recycled . | . . . . . . . . . . . . . . . . . . . . . . . . . . Retrieved Matter . | . . . . . . . . . . . . . . . . . . . . . . . . . . Parts Self-Destructed 17 | . . . . . . . . . . . . . . . 9 5 3 . . . . . . . . Prevented 2 | . . . . . . . . . . . . . . . 2 . . . . . . . . . . Kills | -11 -10 -10 -9 -9 -8 -8 -8 -8 -6 -6 -6 -6 -5 -5 -5 -5 -4 -4 -4 -4 -4 -4 -3 -3 -3 ------- Run | Yrd Mat Min Mat Min Mat Sto Rec Scr Fac Was Fac Ext Fac Upp Upp Zhi Pro Fac Was Fac Arm Lab Res Qua Frg Combat Hostiles Destroyed 217 | . 8 3 9 12 18 19 1 . 6 . 4 6 9 . . . 1 . . 6 . . . . 115 Melee 21 | . . . . . . . . . 4 . 4 6 1 . . . 1 . . 2 . . . . 3 Guns 9 | . 8 . 1 . . . . . . . . . . . . . . . . . . . . . . Cannons 51 | . . . 8 12 14 16 1 . . . . . . . . . . . . . . . . . . AOE 134 | . . 3 . . 2 3 . . 2 . . . 8 . . . . . . 4 . . . . 112 Classes Destroyed 23 | . 7 . 1 . 2 2 . . 1 . 1 . . 1 . . 1 . . . . . . . 7 Worker 5 | . . . . . . . . . 1 . . . 3 . . . . . . . . . . 1 . Builder 12 | . . . . . . 1 . . 2 . . . 1 . . . . . . . . . 3 2 3 Tunneler 3 | . 1 . . . 1 . . . . . . . . . . . . . . . . . 1 . . Hauler 12 | . 1 . 5 . . 5 . . 1 . . . . . . . . . . . . . . . . Recycler 13 | . 1 . 2 . 1 3 . . 1 . . 1 . . . . . 2 . 1 . . . 1 . Mechanic 3 | . . . . . 1 . . . . . . . . . . . . . . . . . . . 2 Operator 15 | . 1 . 1 . 3 1 . . 2 . . . 5 . . . . . . 1 . . . 1 . Drone 12 | . . . . . . . . . . . . . . . . . 1 . . . . . . . 11 Watcher 12 | . 1 . . . . 1 . . . . 1 2 4 . . . . . . 2 . . 1 . . Swarmer 55 | . 7 3 . 5 . . . . 6 . 3 . 8 . . . . . . 6 . . . . 17 Saboteur 5 | . . . . . . . . . . . . . . . . . . . . . . . . . 5 Grunt 64 | . 1 . 7 5 13 8 . . . . . 3 . . . . . . . . . . . . 27 Brawler 1 | . . . . . . 1 . . . . . . . . . . . . . . . . . . . Duelist 5 | . . . . . . . . . . . . . . . . . . . . . . . . . 5 Protector 6 | . . . . . . . . . . . . . . . . . . . . . . . . . 6 Sentry 19 | . . . 2 1 3 10 1 . . . . 2 . . . . . . . . . . . . . Specialist 3 | . . . . . . . . . . . . . . . . . . . . . . . . . 3 Hunter 11 | . . . . . 2 . . . . . . . . . . . . . . . . . . . 9 Programmer 17 | . . . . . . . . . . . 1 1 1 . . . . . . . . . . . 14 Hotshot 4 | . . . . . . . . . . . . . . . . . . . . . . . . . 4 Striker 1 | . . . . . . . . . . . . . . . . . . . . . . . . . 1 Executioner 12 | . . . . . . . . . . . . . . . . . . . . . . . . . 12 Scrapoid 1 | . . . . . . . . . . . . . . . . . . . . . . . . . 1 Packrat 2 | . . . . . . . . . . . . . . 2 . . . . . . . . . . . Tinkerer 1 | . . . . . . . . . . . . . . 1 . . . . . . . . . . . Guerrilla 1 | . . . . . . . . . . . . 1 . . . . . . . . . . . . . Best Kill Streak 26 | . 3 3 4 3 4 10 1 . 4 . 3 2 5 . . . 1 2 . 4 . . 2 3 26 Combat Bots Only 25 | . 3 3 2 3 3 6 1 . 3 . 3 2 4 . . . 1 . . 4 . . . . 25 Max Kills in Single Turn 4 | . 1 2 1 2 2 2 1 . 2 . 1 1 3 1 . . 1 1 . 4 . . 1 1 3 Gunslinging . | . . . . . . . . . . . . . . . . . . . . . . . . . . Exploded 4 | . . 2 . . 2 2 . . 2 . . . 3 . . . . . . 4 . . . . 3 Melee 1 | . . . . . . . . . 1 . 1 1 1 . . . 1 . . 1 . . . . 1 Uniques/NPCs Destroyed 1 | . . . . 1 . . . . . . . . . . . . . . . . . . . . . YI-UF0 (-9/Mines) Combat | -11 -10 -10 -9 -9 -8 -8 -8 -8 -6 -6 -6 -6 -5 -5 -5 -5 -4 -4 -4 -4 -4 -4 -3 -3 -3 -------- Run | Yrd Mat Min Mat Min Mat Sto Rec Scr Fac Was Fac Ext Fac Upp Upp Zhi Pro Fac Was Fac Arm Lab Res Qua Frg Hostile Shots Fired 1292 | . 43 10 70 53 106 79 2 21 37 . 37 153 171 . 28 . 9 11 . 116 . . . 6 340 Missed 543 | . 11 4 17 18 32 25 . 6 18 . 21 59 78 . 17 . 4 6 . 63 . . . 3 161 Hits 749 | . 32 6 53 35 74 54 2 15 19 . 16 94 93 . 11 . 5 5 . 53 . . . 3 179 Melee 4 | . . . . . . . . . . . . . . . . . . . . . . . . . 4 Projectile 745 | . 32 6 53 35 74 54 2 15 19 . 16 94 93 . 11 . 5 5 . 53 . . . 3 175 AOE 4 | . . . . 1 . . . . . . . 1 . . . . . . . 2 . . . . . Critical Strikes 25 | . . . 1 . 2 3 . 1 1 . 1 . 4 . 1 . . . . . . . . . 11 Part Disruptions 4 | . . . . . . . . . 1 . . . . . . . . . . 1 . . . . 2 Damage Taken 13704 | . 288 52 667 380 1170 834 29 516 282 . 206 903 1721 . 198 . 66 59 . 998 . . 389 78 4868 Core 3350 | . 60 7 56 50 121 144 . 116 112 . 23 227 886 . 56 . 31 22 . 108 . . 87 56 1188 Absorbed by Shields 221 | . . . . . . . . . . . 12 148 . . . . . . . . . . . . 61 Redirected to Shielding 24 | . . . . . . . . . . . . . . . . . . 2 . 22 . . . . . Regen/Repaired (Parts) 2227 | . . . . . . . . . . . 1 9 . . 205 58 . . 21 285 238 . 46 . 1364 Core Remaining (%) 59 | 100 . 73 . 73 . . . 30 . . . 57 . . . . 2 . . . . 81 . . . Volleys Fired 659 | . 39 4 77 26 79 72 3 . 15 . 5 33 8 . 1 . 1 . . 14 5 . 27 11 239 Largest 2 | . 2 2 2 2 2 2 2 . 1 . 1 1 1 . 1 . 1 . . 1 1 . 1 1 1 Hottest 136 | . 70 80 101 101 136 136 136 . 35 . 35 33 39 . 35 . 35 . . 49 35 . 35 35 80 Shots Fired 924 | . 77 6 137 52 146 142 7 . 15 . 5 33 8 . 1 . 1 . . 14 5 . 27 11 237 Gun 138 | . 77 2 25 . . . . . . . . 32 . . . . . . . . . . . . 2 Cannon 534 | . . 2 112 52 143 139 7 . 12 . 5 . 3 . 1 . 1 . . 10 5 . 27 11 4 Launcher 249 | . . 2 . . 3 3 . . 3 . . . 5 . . . . . . 4 . . . . 229 Special 3 | . . . . . . . . . . . . 1 . . . . . . . . . . . . 2 Kinetic 213 | . 39 2 106 26 6 . . . . . . 32 . . . . . . . . . . . . 2 Thermal 459 | . 38 2 31 26 137 139 7 . 12 . 5 . 3 . 1 . 1 . . 10 5 . 27 11 4 Explosive 249 | . . 2 . . 3 3 . . 3 . . . 5 . . . . . . 4 . . . . 229 Electromagnetic . | . . . . . . . . . . . . . . . . . . . . . . . . . . Robot Hit Streak 28 | . 5 1 9 10 14 19 6 . . . . 14 1 . . . . . . . . . . . 28 Robot Miss Streak 5 | . 2 2 4 4 5 3 . . 1 . . 2 3 . . . . . . 1 . . . . 1 Penetration Max 1 | . . . . . . . . . . . . 1 . . . . . . . . . . . . . Secondary Targets 1 | . 1 . . . . . . . . . . . . . . . . . . . . . . . . Max Gunslinging Chain 1 | . 1 . . . . . . . . . . . . . . . . . . . . . . . . Shots Hit Robots 509 | . 42 1 80 26 87 98 5 1 17 . 6 38 35 7 . 4 1 2 . 12 . . 5 5 37 Core Hits 601 | . 21 4 23 18 41 40 1 1 9 . 4 16 17 3 . 2 1 2 . 10 . . 4 2 382 Critical Kills 3 | . . . . . 1 1 . . . . . 1 . . . . . . . . . . . . . Critical Parts Destroyed 8 | . . . 1 . . . . . . . . 7 . . . . . . . . . . . . . Critical Strikes 28 | . 1 . 4 . 1 1 . . 1 . . 13 2 1 . . . . . . . . 3 . 1 Burn 1 | . 1 . . . . . . . . . . . . . . . . . . . . . . . . Meltdown 2 | . . . . . 1 1 . . . . . . . . . . . . . . . . . . . Destroy 11 | . . . 1 . . . . . . . . 10 . . . . . . . . . . . . . Blast 3 | . . . 3 . . . . . . . . . . . . . . . . . . . . . . Sever 6 | . . . . . . . . . 1 . . 3 2 . . . . . . . . . . . . Impale 5 | . . . . . . . . . . . . . . 1 . . . . . . . . 3 . 1 Melee Attacks 349 | . . . . . . . . 1 58 . 33 17 66 9 14 4 10 13 . 53 6 3 18 20 24 Impact . | . . . . . . . . . . . . . . . . . . . . . . . . . . Slashing 160 | . . . . . . . . 1 56 . 33 17 44 . 5 . 3 1 . . . . . . . Piercing 186 | . . . . . . . . . . . . . 21 9 9 4 7 12 . 53 6 3 18 20 24 Sneak Attacks 48 | . . . . . . . . . 8 . 1 4 9 5 . . . 2 . 3 . . 5 5 6 Combat Hostiles 4 | . . . . . . . . . . . . 3 1 . . . . . . . . . . . . Follow-up Attacks . | . . . . . . . . . . . . . . . . . . . . . . . . . . Damage Inflicted 42461 | . 492 210 1406 599 2076 2396 140 33 1064 . 348 1211 2279 542 . 381 46 169 . 1070 . . 566 385 27048 Guns 872 | . 469 12 148 . . . . . . . . 209 . . . . . . . . . . . . 34 Cannons 5772 | . . 19 1250 583 1806 2013 101 . . . . . . . . . . . . . . . . . . Explosions 28330 | . . 168 . . 266 376 . . 228 . . . 610 . . . . . . 376 . . . . 26306 Melee 7372 | . . . . . . . . 32 836 . 348 996 1669 542 . 381 46 169 . 694 . . 566 385 708 Ramming 115 | . 23 11 8 16 4 7 39 1 . . . 6 . . . . . . . . . . . . . Kinetic 1835 | . 144 19 1047 294 88 . . . . . . 209 . . . . . . . . . . . . 34 Thermal 4809 | . 325 12 351 289 1718 2013 101 . . . . . . . . . . . . . . . . . . Explosive 28330 | . . 168 . . 266 376 . . 228 . . . 610 . . . . . . 376 . . . . 26306 Electromagnetic . | . . . . . . . . . . . . . . . . . . . . . . . . . . Impact . | . . . . . . . . . . . . . . . . . . . . . . . . . . Slashing 3538 | . . . . . . . . 32 836 . 348 996 1326 . . . . . . . . . . . . Piercing 3834 | . . . . . . . . . . . . . 343 542 . 381 46 169 . 694 . . 566 385 708 Highest Corruption 11 | . . . . . 1 1 2 . . . 1 1 3 3 3 3 3 . . 2 2 2 10 10 11 Average Corruption 2 | . . . . . 1 1 1 . . . 1 1 2 3 3 3 3 . . 1 2 2 10 10 3 Corruption Purged 1 | . . . . . . . . . . . . 1 . . . . . . . . . . . . . Corruption Blocked . | . . . . . . . . . . . . . . . . . . . . . . . . . . Effects 134 | . . . . . 2 11 8 . . . . . 20 5 17 2 8 . . 2 7 1 1 22 28 Message Errors 27 | . . . . . 1 3 2 . . . . . 6 . 3 . 2 . . 1 . . . 4 5 Matter Fused 50 | . . . . . 1 3 2 . . . . . 5 5 6 . 5 . . . 3 . 1 10 9 Heat Flow Errors 15 | . . . . . . 2 . . . . . . 3 . 5 . . . . . 2 1 . 1 1 Energy Discharges 17 | . . . . . . . 1 . . . . . 2 . 2 1 . . . 1 2 . . 4 4 Parts Rejected 1 | . . . . . . . . . . . . . . . . . . . . . . . . . 1 Parts Fused 1 | . . . . . . . . . . . . . . . . . . . . . . . . . 1 Data Loss (minor) 11 | . . . . . . 2 2 . . . . . 3 . . . . . . . . . . 1 3 Data Loss (major) 4 | . . . . . . . . . . . . . 1 . 1 . 1 . . . . . . 1 . Misfires 2 | . . . . . . 1 1 . . . . . . . . . . . . . . . . . . Alerts 3 | . . . . . . . . . . . . . . . . 1 . . . . . . . . 2 Misdirections 2 | . . . . . . . . . . . . . . . . . . . . . . . . 1 1 Weapon Failures 1 | . . . . . . . . . . . . . . . . . . . . . . . . . 1 Overload Shots . | . . . . . . . . . . . . . . . . . . . . . . . . . . Overflow Damage 2652 | . . . 16 1 18 35 . . 202 . 86 109 422 297 . 176 . . . 53 . . 230 151 856 Projectiles 60 | . . . 16 1 18 25 . . . . . . . . . . . . . . . . . . . Explosions 586 | . . . . . . 10 . . . . . . 85 . . . . . . 30 . . . . 461 Melee 2006 | . . . . . . . . . 202 . 86 109 337 297 . 176 . . . 23 . . 230 151 395 Knockbacks 13 | . 1 . 8 . 2 1 1 . . . . . . . . . . . . . . . . . . Impact 3 | . 1 . . . . 1 1 . . . . . . . . . . . . . . . . . . Kinetic 10 | . . . 8 . 2 . . . . . . . . . . . . . . . . . . . . Secondary . | . . . . . . . . . . . . . . . . . . . . . . . . . . Self-Inflicted Damage 154 | . . . . . 35 . . . . . . 3 . . . . . . . 40 . . . . 76 Shots 6 | . . . . . 1 . . . . . . . . . . . . . . 2 . . . . 3 Rammed 9 | . . . . . 1 2 4 1 . . . 1 . . . . . . . . . . . . . Targets Rammed 22 | . 6 2 2 3 1 2 4 1 . . . 1 . . . . . . . . . . . . . Kicked 13 | . 6 2 2 3 . . . . . . . . . . . . . . . . . . . . . Crushed . | . . . . . . . . . . . . . . . . . . . . . . . . . . Highest Temperature 398 | . 140 36 398 216 207 256 2 33 . . . . 238 . 260 . 168 4 . 162 134 170 . 145 171 Average Temperature 64 | . 52 16 85 42 55 70 2 18 . . . . 108 . 105 . 82 4 . 31 36 86 . 99 65 Received Heat Transfer 2374 | . 36 . 336 78 585 351 9 109 9 . 15 224 189 . 66 . 9 . . 39 . . . 21 298 Effects 4 | . . . 3 . . . . . . . . . . . 1 . . . . . . . . . . Shutdowns 1 | . . . 1 . . . . . . . . . . . . . . . . . . . . . . Energy Bleed 1 | . . . . . . . . . . . . . . . 1 . . . . . . . . . . Short Circuit 2 | . . . 2 . . . . . . . . . . . . . . . . . . . . . . Siege Activations . | . . . . . . . . . . . . . . . . . . . . . . . . . . Martial Activations . | . . . . . . . . . . . . . . . . . . . . . . . . . . Shielding Activations . | . . . . . . . . . . . . . . . . . . . . . . . . . . Robots Disrupted . | . . . . . . . . . . . . . . . . . . . . . . . . . . Combat Hostiles . | . . . . . . . . . . . . . . . . . . . . . . . . . . Robots Corrupted . | . . . . . . . . . . . . . . . . . . . . . . . . . . Combat Hostiles . | . . . . . . . . . . . . . . . . . . . . . . . . . . Parts Fried 1 | . . . . . . . . . . . . 1 . . . . . . . . . . . . . Impact Corruptions . | . . . . . . . . . . . . . . . . . . . . . . . . . . Robots Melted 3 | . . . . . 2 1 . . . . . . . . . . . . . . . . . . . Combat Hostiles 2 | . . . . . 2 . . . . . . . . . . . . . . . . . . . . Parts Melted 17 | . 2 . . 1 8 6 . . . . . . . . . . . . . . . . . . . Heat Transferred 9139 | . 1036 37 629 518 3108 3626 185 . . . . . . . . . . . . . . . . . . Parts Sabotaged . | . . . . . . . . . . . . . . . . . . . . . . . . . . Parts Stolen . | . . . . . . . . . . . . . . . . . . . . . . . . . . Parts Stripped . | . . . . . . . . . . . . . . . . . . . . . . . . . . Power Chain Reactions 2 | . . . . . . . . . . . 2 . . . . . . . . . . . . . . Alert | -11 -10 -10 -9 -9 -8 -8 -8 -8 -6 -6 -6 -6 -5 -5 -5 -5 -4 -4 -4 -4 -4 -4 -3 -3 -3 ------- Run | Yrd Mat Min Mat Min Mat Sto Rec Scr Fac Was Fac Ext Fac Upp Upp Zhi Pro Fac Was Fac Arm Lab Res Qua Frg Maximum Alert Level 5 | . . . . . 1 1 . . 1 . . . 2 . . . . 2 1 2 1 . . . 5 Low Security (%) 75 | 100 100 100 100 100 77 86 100 . 85 100 100 100 35 . . . . . 72 71 17 . 100 100 25 Level 1 8 | . . . . . 22 13 . . 14 . . . 24 . . . . 3 27 6 82 . . . . Level 2 7 | . . . . . . . . . . . . . 39 . . . . 96 . 22 . . . . 5 Level 3 . | . . . . . . . . . . . . . . . . . . . . . . . . . 4 Level 4 1 | . . . . . . . . . . . . . . . . . . . . . . . . . 10 Level 5 7 | . . . . . . . . . . . . . . . . . . . . . . . . . 52 High Security . | . . . . . . . . . . . . . . . . . . . . . . . . . . Max Security . | . . . . . . . . . . . . . . . . . . . . . . . . . . Peak Influence 4266 | . 155 88 79 90 275 334 60 . 248 14 193 88 658 . . . . 588 205 694 349 . 44 39 4266 Initial 450 | . . . . . . 100 60 . . 14 . 3 28 . . . . 450 205 122 339 . . . 9 Average 352 | . 66 11 19 14 90 148 14 . 66 4 32 27 318 . . . . 447 190 230 260 . 18 7 1891 Influence Increases 13363 | . 265 88 362 260 602 700 207 . 683 . 420 469 1566 5 270 15 80 748 . 1210 37 . 170 215 4991 Destroy 0b10 Robot/C 4140 | . 160 60 180 220 360 380 20 . 140 . 80 240 180 . . . . . . 160 . . . . 1960 Destroy 0b10 Robot/NC 495 | . 25 . 40 . 30 55 . . 35 . 5 35 50 5 . 15 5 10 . 25 . . 25 25 110 Destroy Leader 750 | . 34 10 40 40 100 142 . . 32 . 22 26 38 . . . . . . 34 . . 2 . 230 Allied During Kill 73 | . . . . . . . . . . . . 73 . . . . . . . . . . . . . Successful Hack 284 | . 16 . 22 . . 4 6 . 34 . . . 54 . . . . . . 61 10 . 17 36 24 Select Force Hacks 230 | . . . . . . . 180 . . . 50 . . . . . . . . . . . . . . Disable Machine 1140 | . . . 75 . 75 75 . . 60 . 15 15 75 . . . . . . 90 15 . 15 45 585 Destroy Structure 1511 | . . 18 5 . 22 29 1 . 52 . 23 5 134 . . . . 18 . 210 12 . 36 34 912 Advance Influence 450 | . . . . . . . . . . . . . . . . . . 450 . . . . . . . Partial Spotted 735 | . . . . . . . . . 75 . 15 30 210 . . . . 75 . 75 . . 75 60 120 Lose Combat Pursuer 3555 | . 30 . . . 15 15 . . 255 . 210 45 825 . 270 . 75 195 . 555 . . . 15 1050 Influence Decreases 9119 | . 265 88 359 263 363 783 363 . 643 40 412 419 1042 356 481 35 80 160 413 691 561 170 170 199 763 Entered New Map 1548 | . . . . 3 . 139 96 . . 26 . 5 30 216 45 20 . . 383 53 355 170 . . 7 Time Decay 5700 | . 255 88 342 260 343 464 267 . 399 14 226 266 522 140 416 15 80 160 30 368 206 . 144 199 496 Search Patrol Dispatched 300 | . . . . . . . . . . . . . 300 . . . . . . . . . . . . Lost Part 689 | . 10 . 17 . 20 30 . . 30 . . 56 180 . 20 . . . . 60 . . 16 . 250 Lost Ally 225 | . . . . . . . . . 42 . 1 92 10 . . . . . . 60 . . 10 . 10 Purge Threat 657 | . . . . . . 150 . . 172 . 185 . . . . . . . . 150 . . . . . Squads Dispatched 93 | . 1 . 1 . 4 1 . . 15 . 12 3 17 . . . . 5 . 11 2 . 5 3 13 Investigation 53 | . . . . . 1 . . . 8 . 10 . 10 . . . . 2 . 6 1 . 5 1 9 Extermination 15 | . . . . . . . . . 4 . 1 . 3 . . . . 1 . 3 . . . 2 1 Reinforcement 25 | . 1 . 1 . 3 1 . . 3 . 1 3 4 . . . . 2 . 2 1 . . . 3 Assault . | . . . . . . . . . . . . . . . . . . . . . . . . . . Garrison . | . . . . . . . . . . . . . . . . . . . . . . . . . . Intercept . | . . . . . . . . . . . . . . . . . . . . . . . . . . Searches Triggered 2 | . . . . . . . . . . . . . 2 . . . . . . . . . . . . Construction Impeded 2 | . . . . . . . . . . . . 1 1 . . . . . . . . . . . . Haulers Reinforced . | . . . . . . . . . . . . . . . . . . . . . . . . . . Active Scanning Responses . | . . . . . . . . . . . . . . . . . . . . . . . . . . Cargo Convoy Interrupts . | . . . . . . . . . . . . . . . . . . . . . . . . . . Stealth | -11 -10 -10 -9 -9 -8 -8 -8 -8 -6 -6 -6 -6 -5 -5 -5 -5 -4 -4 -4 -4 -4 -4 -3 -3 -3 --------- Run | Yrd Mat Min Mat Min Mat Sto Rec Scr Fac Was Fac Ext Fac Upp Upp Zhi Pro Fac Was Fac Arm Lab Res Qua Frg Distress Signals 29 | . . . 1 . 2 6 . . 3 . 2 1 3 . . . . 1 . 3 . . . . 7 Communications Jammed . | . . . . . . . . . . . . . . . . . . . . . . . . . . Distress Signals . | . . . . . . . . . . . . . . . . . . . . . . . . . . Times Spotted 604 | . 21 3 18 13 25 26 1 9 37 . 20 18 78 . 20 . 4 15 . 67 3 . 1 3 222 Peak Tracking Total 25 | . 4 3 3 3 3 6 . 5 15 . 8 4 10 . 6 . 7 11 . 13 6 . 1 1 25 Tactical Retreats 101 | . 1 . . . 1 1 . . 11 . 6 3 23 . 9 . 3 4 . 11 . . . 1 27 Traps | -11 -10 -10 -9 -9 -8 -8 -8 -8 -6 -6 -6 -6 -5 -5 -5 -5 -4 -4 -4 -4 -4 -4 -3 -3 -3 ------- Run | Yrd Mat Min Mat Min Mat Sto Rec Scr Fac Was Fac Ext Fac Upp Upp Zhi Pro Fac Was Fac Arm Lab Res Qua Frg Traps Triggered 18 | . 1 . . . 1 2 . . 1 . 2 4 2 . . . . 1 . 1 . . . 1 2 Indirectly . | . . . . . . . . . . . . . . . . . . . . . . . . . . Trap Hack Attempts . | . . . . . . . . . . . . . . . . . . . . . . . . . . Triggered . | . . . . . . . . . . . . . . . . . . . . . . . . . . Disarmed . | . . . . . . . . . . . . . . . . . . . . . . . . . . Reprogrammed . | . . . . . . . . . . . . . . . . . . . . . . . . . . Reused . | . . . . . . . . . . . . . . . . . . . . . . . . . . Traps Extracted . | . . . . . . . . . . . . . . . . . . . . . . . . . . Installed . | . . . . . . . . . . . . . . . . . . . . . . . . . . Triggered . | . . . . . . . . . . . . . . . . . . . . . . . . . . Machines | -11 -10 -10 -9 -9 -8 -8 -8 -8 -6 -6 -6 -6 -5 -5 -5 -5 -4 -4 -4 -4 -4 -4 -3 -3 -3 ---------- Run | Yrd Mat Min Mat Min Mat Sto Rec Scr Fac Was Fac Ext Fac Upp Upp Zhi Pro Fac Was Fac Arm Lab Res Qua Frg Machines Disabled 84 | . . . 6 . 5 5 . . 4 . 1 2 5 1 1 . . . . 6 1 1 1 3 42 Max in Single Turn 6 | . . . 1 . 1 1 . . 1 . 1 1 1 1 1 . . . . 2 1 1 1 1 6 Garrison Access 8 | . . . . . . 1 . . . . 3 . 3 . . . . 1 . . . . . . . Machines Repaired . | . . . . . . . . . . . . . . . . . . . . . . . . . . Machines Dismantled 1 | . . . . . . 1 . . . . . . . . . . . . . . . . . . . Machines Sabotaged . | . . . . . . . . . . . . . . . . . . . . . . . . . . Overloaded Fab Kills . | . . . . . . . . . . . . . . . . . . . . . . . . . . Hacking | -11 -10 -10 -9 -9 -8 -8 -8 -8 -6 -6 -6 -6 -5 -5 -5 -5 -4 -4 -4 -4 -4 -4 -3 -3 -3 --------- Run | Yrd Mat Min Mat Min Mat Sto Rec Scr Fac Was Fac Ext Fac Upp Upp Zhi Pro Fac Was Fac Arm Lab Res Qua Frg Machines Accessed 149 | . 3 . 5 . 2 6 8 3 21 . 18 5 21 1 2 4 . 7 . 12 3 . 8 6 14 Terminals 66 | . 3 . 5 . 2 5 2 . 8 . 4 5 6 1 . . . 2 . 5 2 . 4 6 6 Fabricators 20 | . . . . . . . . . 5 . 2 . 5 . . . . 2 . 1 . . 1 . 4 Repair Stations 5 | . . . . . . . . . . . 1 . . . . . . 1 . 1 1 . . . 1 Recycling Units 40 | . . . . . . . 6 . 8 . 8 . 6 . . . . 1 . 5 . . 3 . 3 Scanalyzers 1 | . . . . . . . . . . . . . 1 . . . . . . . . . . . . Garrison Access 8 | . . . . . . 1 . . . . 3 . 3 . . . . 1 . . . . . . . Total Hacks 379 | . 5 . 15 . 4 13 11 7 43 . 31 7 54 1 7 17 . 20 . 37 9 . 28 19 51 Successful 232 | . 4 . 5 . 1 4 8 7 25 . 20 4 33 1 7 17 . 12 . 15 4 . 19 8 38 Failed 147 | . 1 . 10 . 3 9 3 . 18 . 11 3 21 . . . . 8 . 22 5 . 9 11 13 Catastrophic 24 | . 1 . 3 . . 2 1 . 4 . . . 3 . . . . 1 . 6 . . 2 1 . Database Lockouts . | . . . . . . . . . . . . . . . . . . . . . . . . . . Manual 206 | . 2 . 8 . 4 6 9 . 31 . 20 2 34 . . . . 10 . 22 2 . 19 11 26 Terminals 214 | . 5 . 15 . 4 12 4 . 26 . 15 7 24 1 . . . 7 . 18 5 . 21 19 31 Fabricators 61 | . . . . . . . . . 7 . 2 . 18 . . . . 6 . 10 . . 4 . 14 Repair Stations 13 | . . . . . . . . . . . 1 . . . . . . 2 . 4 4 . . . 2 Recycling Units 46 | . . . . . . . 7 . 10 . 8 . 6 . . . . 3 . 5 . . 3 . 4 Scanalyzers 3 | . . . . . . . . . . . . . 3 . . . . . . . . . . . . Garrison Access 11 | . . . . . . 1 . . . . 5 . 3 . . . . 2 . . . . . . . Terminal Hacks 107 | . 4 . 5 . . 3 2 7 9 . 5 4 6 1 7 17 . 3 . 5 . . 9 6 14 Record 19 | . . . . . . . . 6 . . . . . 1 6 5 . . . . . . . . 1 Part Schematic 9 | . . . . . . . . . 1 . 1 . 1 . . 4 . . . . . . . 1 1 Robot Schematic 2 | . . . . . . . . . . . . . . . . . . . . . . . 1 . 1 Robot Analysis 4 | . . . . . . . . . . . . . . . . 4 . . . . . . . . . Prototype ID Bank 20 | . 3 . 3 . . . 2 . 2 . . . 3 . . 4 . 1 . . . . . 1 1 Open Door 7 | . . . . . . 1 . . . . . 4 . . 1 . . . . . . . 1 . . Level Access Points 1 | . . . . . . . . . . . . . . . . . . . . . . . . . 1 Branch Access Points 6 | . . . 1 . . . . . . . 1 . 1 . . . . . . 1 . . 1 . 1 Emergency Access Points 2 | . . . . . . . . . . . . . . . . . . . . . . . 1 . 1 Machine Index 2 | . . . . . . . . . . . 1 . . . . . . . . . . . 1 . . Terminal Index 5 | . . . . . . . . . 1 . . . . . . . . 1 . 1 . . . 2 . Fabricator Index 3 | . . . . . . . . . . . . . 1 . . . . . . . . . 1 1 . Repair Station Index 1 | . . . . . . . . . . . . . . . . . . . . 1 . . . . . Recycling Unit Index 1 | . . . . . . . . . . . . . . . . . . . . . . . . . 1 Alert Level 1 | . . . . . . . . . . . . . . . . . . . . . . . . . 1 Unreport Threat 7 | . . . . . . 1 . . 3 . 2 . . . . . . . . 1 . . . . . Locate Traps 4 | . . . . . . 1 . . 1 . . . . . . . . . . 1 . . . . 1 Recall Extermination 1 | . . . . . . . . . 1 . . . . . . . . . . . . . . . . Hauler Manifests 3 | . 1 . 1 . . . . . . . . . . . . . . . . . . . . . 1 Zone Layout 8 | . . . . . . . . . . . . . . . . . . 1 . . . . 3 1 3 Proto ID Catalog 1 | . . . . . . . . 1 . . . . . . . . . . . . . . . . . Fabricator Hacks 31 | . . . . . . . . . 4 . 1 . 8 . . . . 3 . 2 . . 2 . 11 Network Status 3 | . . . . . . . . . 2 . 1 . . . . . . . . . . . . . . Load Schematic 16 | . . . . . . . . . . . . . 6 . . . . 2 . 1 . . 1 . 6 Build 12 | . . . . . . . . . 2 . . . 2 . . . . 1 . 1 . . 1 . 5 Repair Station Hacks 7 | . . . . . . . . . . . . . . . . . . . . 2 3 . . . 2 Scan Component 4 | . . . . . . . . . . . . . . . . . . . . 1 2 . . . 1 Repair 3 | . . . . . . . . . . . . . . . . . . . . 1 1 . . . 1 Recycling Unit Hacks 2 | . . . . . . . . . . . . . . . . . . 2 . . . . . . . Retrieve Components 2 | . . . . . . . . . . . . . . . . . . 2 . . . . . . . Scanalyzer 2 | . . . . . . . . . . . . . 2 . . . . . . . . . . . . Insert Component 1 | . . . . . . . . . . . . . 1 . . . . . . . . . . . . Analyze 1 | . . . . . . . . . . . . . 1 . . . . . . . . . . . . Garrison Access Hacks 8 | . . . . . . 1 . . . . 3 . 3 . . . . 1 . . . . . . . Seal Access 8 | . . . . . . 1 . . . . 3 . 3 . . . . 1 . . . . . . . Unauthorized Hacks 75 | . . . . . 1 . 6 . 12 . 11 . 14 . . . . 3 . 6 1 . 8 2 11 Terminals 21 | . . . . . 1 . . . 2 . 1 . 4 . . . . . . . 1 . 3 2 7 Track 3 | . . . . . . . . . . . . . . . . . . . . . . . . . 3 Assimilate 10 | . . . . . . . . . 1 . 1 . 4 . . . . . . . . . 1 . 3 Botnet 3 | . . . . . . . . . . . . . . . . . . . . . 1 . 1 1 . Operators 5 | . . . . . 1 . . . 1 . . . . . . . . . . . . . 1 1 1 Fabricators 13 | . . . . . . . . . 2 . 1 . 4 . . . . 2 . 1 . . 2 . 1 Prioritize 4 | . . . . . . . . . 1 . . . . . . . . 1 . 1 . . 1 . . Liberate 1 | . . . . . . . . . 1 . . . . . . . . . . . . . . . . Overload 1 | . . . . . . . . . . . 1 . . . . . . . . . . . . . . Recompile 7 | . . . . . . . . . . . . . 4 . . . . 1 . . . . 1 . 1 Repair Stations 1 | . . . . . . . . . . . 1 . . . . . . . . . . . . . . Patch 1 | . . . . . . . . . . . 1 . . . . . . . . . . . . . . Recycling Units 40 | . . . . . . . 6 . 8 . 8 . 6 . . . . 1 . 5 . . 3 . 3 Tunnel 6 | . . . . . . . 6 . . . . . . . . . . . . . . . . . . Fedlink 34 | . . . . . . . . . 8 . 8 . 6 . . . . 1 . 5 . . 3 . 3 Scanalyzers . | . . . . . . . . . . . . . . . . . . . . . . . . . . Garrison Access . | . . . . . . . . . . . . . . . . . . . . . . . . . . Data Cores Recovered . | . . . . . . . . . . . . . . . . . . . . . . . . . . Used . | . . . . . . . . . . . . . . . . . . . . . . . . . . Hacking Detections 74 | . 1 . 5 . 2 4 2 . 12 . 4 2 10 . . . . 3 . 7 3 . 4 4 11 Full Trace Events 8 | . . . . . 1 . 1 . . . . . . . . . . . . 1 1 . 1 . 3 Feedback Events 1 | . . . . . . . 1 . . . . . . . . . . . . . . . . . . Corruption 1 | . . . . . . . 1 . . . . . . . . . . . . . . . . . . Feedback Blocked . | . . . . . . . . . . . . . . . . . . . . . . . . . . Robot Schematics Acquired 2 | . . . . . . . . . . . . . . . . . . . . . . . 1 . 1 Robots Built 4 | . . . . . . . . . 3 . . . . . . . . . . . . . . . 1 Authchips 1 | . . . . . . . . . . . . . . . . . . . . . . . . . 1 Time 208 | . . . . . . . . . 152 . . . . . . . . . . . . . . . 56 Total Robot Build Rating 21 | . . . . . . . . . 15 . . . . . . . . . . . . . . . 6 Part Schematics Acquired 10 | . . . . . . . . . 1 . 1 . 2 . . 4 . . . . . . . 1 1 Parts Built 11 | . . . . . . . . . 2 . . . 2 . . . . 1 . 1 . . 1 . 4 Authchips 5 | . . . . . . . . . . . . . 2 . . . . 1 . 1 . . . . 1 Time 683 | . . . . . . . . . 117 . . . 126 . . . . 76 . 76 . . 64 . 224 Total Part Build Rating 66 | . . . . . . . . . 14 . . . 10 . . . . 5 . 5 . . 8 . 24 Parts Repaired 3 | . . . . . . . . . . . . . . . . . . . . 1 1 . . . 1 Time 167 | . . . . . . . . . . . . . . . . . . . . 16 62 . . . 89 Parts Recycled . | . . . . . . . . . . . . . . . . . . . . . . . . . . Recycled Matter . | . . . . . . . . . . . . . . . . . . . . . . . . . . Retrieved Matter . | . . . . . . . . . . . . . . . . . . . . . . . . . . Retrieved Components 1 | . . . . . . . . . . . . . . . . . . 1 . . . . . . . Parts Scanalyzed 1 | . . . . . . . . . . . . . 1 . . . . . . . . . . . . Part Schematics Acquired 1 | . . . . . . . . . . . . . 1 . . . . . . . . . . . . Parts Damaged 1 | . . . . . . . . . . . . . 1 . . . . . . . . . . . . Bothacking | -11 -10 -10 -9 -9 -8 -8 -8 -8 -6 -6 -6 -6 -5 -5 -5 -5 -4 -4 -4 -4 -4 -4 -3 -3 -3 ------------ Run | Yrd Mat Min Mat Min Mat Sto Rec Scr Fac Was Fac Ext Fac Upp Upp Zhi Pro Fac Was Fac Arm Lab Res Qua Frg Used RIF Installer . | . . . . . . . . . . . . . . . . . . . . . . . . . . Robots Hacked 2 | . . . . . . . . . 1 . . . 1 . . . . . . . . . . . . Non-combat 2 | . . . . . . . . . 1 . . . 1 . . . . . . . . . . . . Combat . | . . . . . . . . . . . . . . . . . . . . . . . . . . Robot Hacks Applied 2 | . . . . . . . . . 1 . . . 1 . . . . . . . . . . . . find_chute 2 | . . . . . . . . . 1 . . . 1 . . . . . . . . . . . . Relay Couplers Released . | . . . . . . . . . . . . . . . . . . . . . . . . . . Fabnet Peak Effective % . | . . . . . . . . . . . . . . . . . . . . . . . . . . Robots Rewired 7 | . . . . . . . . . . . . 7 . . . . . . . . . . . . . Allies Hacked . | . . . . . . . . . . . . . . . . . . . . . . . . . . Hacks Repelled 2 | . . . . . . . . . . . . . . . . . . . . . . . . . 2 Allies | -11 -10 -10 -9 -9 -8 -8 -8 -8 -6 -6 -6 -6 -5 -5 -5 -5 -4 -4 -4 -4 -4 -4 -3 -3 -3 -------- Run | Yrd Mat Min Mat Min Mat Sto Rec Scr Fac Was Fac Ext Fac Upp Upp Zhi Pro Fac Was Fac Arm Lab Res Qua Frg Total Allies 44 | . . . . 1 . . . . 4 . 1 10 4 . . . . . 20 . . . 1 . 3 Largest Group 20 | . . . . 1 . . . . 3 . 1 8 2 . . . . . 20 3 . . 1 . 2 Highest-Rated Group 741 | . . . . 31 . . . . 87 . 10 364 36 . . . . . 741 75 . . 45 . 71 Highest-Rated Ally 159 | . . . . 31 . . . . 29 . 10 159 26 . . . . . 50 25 . . 45 . 64 Total Orders . | . . . . . . . . . . . . . . . . . . . . . . . . . . Ally Attacks 157 | . . . . . . . . . 23 . . 104 . . . . . . . 30 . . . . . Total Damage 2826 | . . . . . . . . . 329 . . 2236 . . . . . . . 261 . . . . . Kills 16 | . . . . . . . . . 1 . . 12 . . . . . . . 3 . . . . . Allies Corrupted 1 | . . . . . . . . . 1 . . . . . . . . . . . . . . . . Allies Melted . | . . . . . . . . . . . . . . . . . . . . . . . . . . Intel | -11 -10 -10 -9 -9 -8 -8 -8 -8 -6 -6 -6 -6 -5 -5 -5 -5 -4 -4 -4 -4 -4 -4 -3 -3 -3 ------- Run | Yrd Mat Min Mat Min Mat Sto Rec Scr Fac Was Fac Ext Fac Upp Upp Zhi Pro Fac Was Fac Arm Lab Res Qua Frg Active Infowar (turns) 9100 | . . . . . . . . 285 1267 73 606 498 402 290 1015 175 328 330 74 798 377 74 343 679 1486 Sensors 9100 | . . . . . . . . 285 1267 73 606 498 402 290 1015 175 328 330 74 798 377 74 343 679 1486 Structural 223 | . . . . . . . . . . . . . . . . . . . . . . . 223 . . ECM 13 | . . . . . . . . . . . . . . . . . . . . 13 . . . . . Robot Analysis Total 4 | . . . . . . . . . . . . . . . . 4 . . . . . . . . . Derelict Logs Recovered 9 | . . 2 . 3 . . . . . . . . . 3 1 . . . . . . . . . . Drone Launches . | . . . . . . . . . . . . . . . . . . . . . . . . . . Drone Recoveries . | . . . . . . . . . . . . . . . . . . . . . . . . . . Exploration | -11 -10 -10 -9 -9 -8 -8 -8 -8 -6 -6 -6 -6 -5 -5 -5 -5 -4 -4 -4 -4 -4 -4 -3 -3 -3 ------------- Run | Yrd Mat Min Mat Min Mat Sto Rec Scr Fac Was Fac Ext Fac Upp Upp Zhi Pro Fac Was Fac Arm Lab Res Qua Frg Turns Passed 20465 | 76 596 622 1139 2014 825 1179 978 1902 1267 73 606 793 1440 290 1015 175 328 330 74 846 439 84 343 681 2350 Spaces Moved 25940 | 58 377 502 476 763 333 503 592 1151 2842 271 1300 725 2858 739 1654 181 404 985 245 1914 373 159 765 1082 4688 Core 746 | 11 . . . . . . . . . . 9 . 726 . . . . . . . . . . . . Treads 2954 | . . . . 375 333 503 592 1151 . . . . . . . . . . . . . . . . . Legs 1790 | 47 377 502 476 388 . . . . . . . . . . . . . . . . . . . . . Wheels . | . . . . . . . . . . . . . . . . . . . . . . . . . . Hover . | . . . . . . . . . . . . . . . . . . . . . . . . . . Flight 20450 | . . . . . . . . . 2842 271 1291 725 2132 739 1654 181 404 985 245 1914 373 159 765 1082 4688 Fastest Speed 6 | 50 120 120 120 190 160 160 162 162 27 27 27 29 26 34 34 24 11 24 24 6 20 20 20 6 13 Average Speed 54 | 106 120 120 180 247 160 161 162 162 27 27 30 30 40 34 36 31 22 24 24 22 20 20 20 20 24 Slowest Speed 470 | 120 190 120 470 260 160 320 162 163 106 27 400 97 250 35 37 37 24 24 24 96 20 20 99 88 110 Overloaded Moves 176 | . . . . . . . . . . . . . 42 . . . 34 . . 42 . . . 5 53 Propulsion Burnouts . | . . . . . . . . . . . . . . . . . . . . . . . . . . Robots Hopped 78 | . . . . . . . . . 11 . 2 2 13 . . . 3 7 . 22 . . 2 7 9 Potential Cave-ins 31 | . . . . . . . . . 3 . 2 . . . . . . . . . . . 12 . 14 Cave-ins Triggered 1 | . . . . . . . . . . . . . . . . . . . . . . . 1 . . Teleports 1 | . . . . . . . . . . . . . . . . . . . . . 1 . . . . Exploration Rate (%) 62 | 4 78 98 42 89 33 91 97 84 54 90 36 62 61 92 95 60 57 18 83 51 20 91 15 72 58 Regions Visited 25 Branch Regions 14 Pre-discovered Areas 14 | . . 1 . 1 . . 6 . 1 . . . . 1 1 3 . . . . . . . . . Known Exits Taken 15 | . . . 1 . 1 . . 1 . . 1 1 1 1 1 1 1 . . 1 1 1 1 1 . Unknown Exits Taken 6 | 1 1 1 . 1 . 1 1 . . . . . . . . . . . . . . . . . . Scrap Searched 15 | . . 1 . 1 . . . 6 . . . . . 4 3 . . . . . . . . . . Spaces Dug 196 | . . . 2 . . . . . 39 . 19 3 20 1 8 . 6 9 . 36 5 . 12 14 22 Terrain Destroyed 1171 | . . 27 10 . 25 27 . . 61 . 24 3 73 1 9 . 6 9 . 110 10 . 37 21 718 Melee 167 | . . . . . . . . . 28 . 19 3 19 1 8 . 5 9 . 35 5 . 12 12 11 Projectile 85 | . . . 10 . . . . . 12 . 5 . 2 . 1 . 1 . . 10 5 . 25 9 5 AOE 919 | . . 27 . . 25 27 . . 21 . . . 52 . . . . . . 65 . . . . 702 Terrain Rammed . | . . . . . . . . . . . . . . . . . . . . . . . . . . Walls Destroyed . | . . . . . . . . . . . . . . . . . . . . . . . . . . Machines Disabled . | . . . . . . . . . . . . . . . . . . . . . . . . . . Actions | -11 -10 -10 -9 -9 -8 -8 -8 -8 -6 -6 -6 -6 -5 -5 -5 -5 -4 -4 -4 -4 -4 -4 -3 -3 -3 --------- Run | Yrd Mat Min Mat Min Mat Sto Rec Scr Fac Was Fac Ext Fac Upp Upp Zhi Pro Fac Was Fac Arm Lab Res Qua Frg Total 30792 | 70 448 515 622 832 481 718 604 1192 3224 270 1440 1223 3031 757 2038 290 622 1053 260 2218 722 212 894 1502 5554 Wait 2989 | . 14 . 24 27 39 61 . 5 249 . 42 335 64 . 361 87 210 49 12 222 333 5 65 365 420 Move 25769 | 57 376 501 475 762 332 502 591 1151 2820 270 1295 720 2833 738 1653 180 398 971 244 1873 372 158 759 1067 4671 Hop 70 | . . . . . . . . . 11 . 2 2 11 . . . 2 7 . 18 . . 2 7 8 Pick Up 151 | 6 5 2 18 3 4 12 2 8 11 . 2 2 6 1 3 2 . 7 2 4 . 14 2 5 30 Fast Attach 157 | 5 4 1 8 1 3 16 . 5 8 . 4 5 20 4 3 9 1 1 . 12 2 8 6 5 26 Attach 94 | 1 . . 1 3 3 2 . 3 14 . 3 6 8 1 3 1 . 2 . 7 2 6 7 8 13 Detach 38 | . . . . . . 1 . . 6 . 2 3 5 1 . . . . . 3 1 1 5 5 5 Swap 64 | . 1 2 4 2 10 14 1 2 12 . 7 2 . . 1 . 2 1 . 3 . . . . . Drop 225 | 1 3 3 13 5 10 28 3 17 20 . 10 3 10 3 1 7 1 3 2 9 1 17 2 9 44 Fire 659 | . 39 4 77 26 79 72 3 . 15 . 5 33 8 . 1 . 1 . . 14 5 . 27 11 239 Melee 343 | . . . . . . . . 1 58 . 33 17 66 9 12 4 7 12 . 53 6 3 18 20 24 Ram 1 | . . . . . . . . . . . . 1 . . . . . . . . . . . . . Kick 13 | . 6 2 2 3 . . . . . . . . . . . . . . . . . . . . . Crush 7 | . . . . . 1 2 4 . . . . . . . . . . . . . . . . . . Escape Stasis 90 | . . . . . . . . . . . 35 50 . . . . . . . . . . 1 . 4 Rewire 44 | . . . . . . . . . . . . 44 . . . . . . . . . . . . . Trap . | . . . . . . . . . . . . . . . . . . . . . . . . . . Miscellaneous 78 | . . . . . . 8 . . . . . . . . . . . . . . . . . . 70 Route ------- -11/Scrapyard -10/Materials (discovered 4 exits: *Mat x3 / [*Min]) -10/Mines (discovered 3 exits: *Mat x2 / [*Exi]) -9/Materials (discovered 2 exits: *Mat / *Min) -9/Mines (discovered 2 exits: *Mat x2) -8/Materials -8/Storage (discovered 2 exits: [*Fac] / *Rec) -8/Recycling (discovered 2 exits: *Fac / *Scr) -8/Scraptown (discovered 2 exits: *Fac x2) -6/Factory (discovered 4 exits: *Fac x2 / *Low x2) -6/Waste -6/Factory (discovered 6 exits: *Fac x2 / Low x2 / *Ext x2) -6/Extension -5/Factory (discovered 5 exits: *Fac x3 / *Upp x2) -5/Upper Caves -5/Upper Caves (discovered 2 exits: *Fac / *Zhi) -5/Zhirov -4/Proximity Caves -4/Factory -4/Waste -4/Factory (discovered 3 exits: *Upp x2 / *Arm) -4/Armory -4/Lab -3/Research (discovered 2 exits: *Qua x2) -3/Quarantine (discovered 2 exits: *Sec / *Frg) -3/Protoforge (discovered 1 exit: *Res) History --------- Turn | Location | Event 11 | -11/Scrapyard | Discovered new exit (range 14) 77 | -11/Scrapyard | Entered Materials 100 | -10/Materials | Discovered new exit (range 10) 250 | -10/Materials | Discovered new exit (range 10) 306 | -10/Materials | Build established: Mutant 401 | -10/Materials | Discovered new exit (range 11) 462 | -10/Materials | Discovered new exit (range 14) 673 | -10/Materials | Entered Mines 708 | -10/Mines | Learned Materials terminal intel 756 | -10/Mines | Received a Rocket Launcher from a helpful Derelict 825 | -10/Mines | Discovered new exit (range 5) 919 | -10/Mines | Deemed a non-threat by the Exiles lab entrance 919 | -10/Mines | Discovered new exit (range 5) 1095 | -10/Mines | Learned location of Storage (-8) 1276 | -10/Mines | Discovered new exit (range 13) 1295 | -10/Mines | Entered Materials 1295 | -9/Materials | Evolved 2 slots: Propulsion x1, Utility x1 1296 | -9/Materials | Loaded intel: 11 terminal locations 1849 | -9/Materials | Discovered new exit (range 16) 1882 | -9/Materials | Identified exit to Mines 2337 | -9/Materials | Build established: Scavenger-Mutant 2434 | -9/Materials | Entered Mines 2777 | -9/Mines | Learned Materials machine intel 2798 | -9/Mines | Found a Scrap Suit stashed away for nefarious purposes 2832 | -9/Mines | Learned Materials emergency access door positions 2897 | -9/Mines | Received a Mining Laser from a helpful Derelict 3126 | -9/Mines | Learned location of Zion (-6) 3200 | -9/Mines | Destroyed YI-UF0 3575 | -9/Mines | Discovered new exit (range 13) 3724 | -9/Mines | Discovered new exit (range 15) 3844 | -9/Mines | Build established: Mutant 4151 | -9/Mines | Joined a pair of Derelicts in attacking an 0b10 outpost 4448 | -9/Mines | Entered Materials 4448 | -8/Materials | Evolved 2 slots: Propulsion x1, Utility x1 4449 | -8/Materials | Identified exit to Storage 4451 | -8/Materials | Loaded intel: 68 machine locations 5273 | -8/Materials | Entered Storage 5697 | -8/Storage | Build established: Scavenger-Mutant 6035 | -8/Storage | Discovered new exit (range 13) 6449 | -8/Storage | Used back door to open Recycling access 6449 | -8/Storage | Discovered new exit (range 3) 6452 | -8/Storage | Entered Recycling 7062 | -8/Recycling | Discovered new exit (range 13) 7391 | -8/Recycling | Scanned before Scraplab entrance 7415 | -8/Recycling | Entered Scraplab 7428 | -8/Recycling | Discovered new exit (range 2) 7430 | -8/Recycling | Entered Scraptown 7430 | -8/Scraptown | System corruption cleaned by C-Scrubber 7786 | -8/Scraptown | Discovered new exit (range 11) 7882 | -8/Scraptown | Visited SPCMW 7911 | -8/Scraptown | Visited Assassins FH 7929 | -8/Scraptown | Visited Fellowship of the Rings 7973 | -8/Scraptown | Visited UFD Registry 7973 | -8/Scraptown | Registered with UFD as "Flaktorch" 8005 | -8/Scraptown | Visited Symbiants 8028 | -8/Scraptown | Visited Bundlers 8039 | -8/Scraptown | Visited CPS Storage 8238 | -8/Scraptown | Visited Science Guys 8319 | -8/Scraptown | Visited Derelict Rescue Squad 8334 | -8/Scraptown | Found DRS Beacon 8371 | -8/Scraptown | Visited DA-N13 Charitable Foundation 8385 | -8/Scraptown | Found DCF Scrap (29 items) 8422 | -8/Scraptown | Visited Observation Area 8447 | -8/Scraptown | Visited Modified Component R&D 8494 | -8/Scraptown | Visited A0-MCA Data Center 8516 | -8/Scraptown | Visited Scrap Suit Storage 8538 | -8/Scraptown | Visited Abandonware Association 8578 | -8/Scraptown | Learned abandonware demo "ERRANTS.EXE" 8578 | -8/Scraptown | Learned abandonware demo "REVENGE.EXE" 8610 | -8/Scraptown | Visited Science Testing Area 8633 | -8/Scraptown | Visited Curators Association 8785 | -8/Scraptown | Given an A- rating by A0-MCA 8788 | -8/Scraptown | Found A0-MCA's Component Scanner 9088 | -8/Scraptown | Build established: Mutant 9227 | -8/Scraptown | Met Optimus 9227 | -8/Scraptown | Accepted into 0bPrime 9292 | -8/Scraptown | Civil war broke out across Scraptown 9296 | -8/Scraptown | Core integrity fell below 50% 9323 | -8/Scraptown | Discovered new exit (range 5) 9328 | -8/Scraptown | Identified exit to Factory 9332 | -8/Scraptown | Entered Factory 9332 | -6/Factory | Evolved 4 slots: Utility x4 9362 | -6/Factory | Lost 11 allies 9408 | -6/Factory | Discovered new exit (range 16) 9474 | -6/Factory | Loaded intel: 8 recycling unit locations 9485 | -6/Factory | Learned location of Protoforge (-3) 9619 | -6/Factory | Build established: Hacker-Sprinter 9884 | -6/Factory | Discovered new exit (range 12) 9887 | -6/Factory | Identified exit to Lower Caves 9929 | -6/Factory | Discovered exit to Lower Caves (range 5) 10115 | -6/Factory | Discovered new exit (range 16) 10229 | -6/Factory | Fabricated G-50 Soldier? 10261 | -6/Factory | Fabricated Lgt. Antimatter Reactor? 10599 | -6/Factory | Manually triggered Chute Trap 10599 | -6/Factory | Sucked down chute 10599 | -6/Factory | Entered Waste 10599 | -6/Waste | The area was eerily silent 10624 | -6/Waste | Discovered new exit (range 15) 10672 | -6/Waste | Identified exit to Factory 10672 | -6/Waste | Entered Factory 10716 | -6/Factory | Loaded intel: 8 recycling unit locations 10874 | -6/Factory | Identified exit to Extension 11116 | -6/Factory | Discovered new exit (range 15) 11121 | -6/Factory | Identified exit to Factory 11210 | -6/Factory | Discovered exit to Factory (range 15) 11278 | -6/Factory | Entered Extension 11446 | -6/Extension | Rescued a captive Derelict 11487 | -6/Extension | Rescued A7 11515 | -6/Extension | Rescued a captive Derelict 11748 | -6/Extension | Spotted B-75 Beast 11783 | -6/Extension | Allies destroyed B-75 Beast 11798 | -6/Extension | Spotted B-75 Beast 11859 | -6/Extension | Lost 7 allies 11904 | -6/Extension | Allies destroyed B-75 Beast 12025 | -6/Extension | Extracted ID and sensor layout for unrecognized location from A7's data core 12032 | -6/Extension | Found Prototype Protection 12039 | -6/Extension | Identified Med. Regenerative Plating 12071 | -6/Extension | Discovered exit to Factory (range 3) 12071 | -6/Extension | Entered Factory 12071 | -5/Factory | Evolved 2 slots: Power x1, Propulsion x1 12111 | -5/Factory | Lost 4 parts (2n1u1w) 12198 | -5/Factory | Discovered new exit (range 15) 12201 | -5/Factory | Discovered new exit (range 13) 12206 | -5/Factory | Identified exit to Factory 12289 | -5/Factory | Identified exit to Upper Caves 12390 | -5/Factory | Murdered 3 allies 12510 | -5/Factory | Spotted B-75 Beast 12564 | -5/Factory | Fabricated Cld. Cesium-ion Thruster (x1) 12610 | -5/Factory | Lost 4 parts (1p3n) 12769 | -5/Factory | Core integrity fell below 50% 12778 | -5/Factory | Lost 4 parts (1p1n1u1w) 12805 | -5/Factory | Loaded intel: 8 recycling unit locations 12846 | -5/Factory | Build established: Hacker-Mutant 12971 | -5/Factory | Search patrols dispatched 13106 | -5/Factory | Core integrity fell below 20% 13185 | -5/Factory | Discovered exit to Factory (range 8) 13271 | -5/Factory | Search patrols dispatched 13272 | -5/Factory | Fabricated Cld. Cesium-ion Thruster? 13511 | -5/Factory | Entered Upper Caves 13573 | -5/Upper Caves | Learned location of Warlord (-4) 13580 | -5/Upper Caves | Learned Factory emergency access door positions 13664 | -5/Upper Caves | Learned Factory stockpile data 13721 | -5/Upper Caves | Encountered a Warlord checkpoint 13767 | -5/Upper Caves | Discovered new exit (range 12) 13786 | -5/Upper Caves | Acquired the password to a Derelict Tinkerer's latest research 13800 | -5/Upper Caves | Identified exit to Upper Caves 13801 | -5/Upper Caves | Entered another Upper Caves area 13945 | -5/Upper Caves | Entered an active Warlord outpost 13946 | -5/Upper Caves | Learned Research stockpile data 13946 | -5/Upper Caves | Learned location of 1 exit from Research 13982 | -5/Upper Caves | Attracted the attention of an 0b10 base 14102 | -5/Upper Caves | Lost 7 allies 14398 | -5/Upper Caves | Discovered exit to Factory (range 3) 14811 | -5/Upper Caves | Discovered new exit (range 3) 14812 | -5/Upper Caves | Identified exit to Zhirov 14816 | -5/Upper Caves | Entered Zhirov 14816 | -5/Zhirov | Discovered new exit (range 3) 14844 | -5/Zhirov | Found Alien Artifact 14844 | -5/Zhirov | Identified Integrated Reactor 14844 | -5/Zhirov | Installed Integrated Reactor, increased core energy generation (+10) 14856 | -5/Zhirov | Learned location of Quarantine (-3) 14856 | -5/Zhirov | Learned location of Testing (-2) 14916 | -5/Zhirov | Found Alien Artifact 14990 | -5/Zhirov | Identified exit to Proximity Caves 14991 | -5/Zhirov | Entered Proximity Caves 14997 | -4/Proximity Caves | Spotted B-86 Titan 15079 | -4/Proximity Caves | Spotter reported a threat 15080 | -4/Proximity Caves | Spotter reported a threat 15174 | -4/Proximity Caves | Build established: Hacker-Sprinter 15174 | -4/Proximity Caves | Spotter reported a threat 15204 | -4/Proximity Caves | Discovered exit to Factory (range 13) 15319 | -4/Proximity Caves | Entered Factory 15319 | -4/Factory | Evolved 2 slots: Propulsion x1, Utility x1 15355 | -4/Factory | Loaded intel: 8 recycling unit locations 15411 | -4/Factory | Fabricated Cld. Cesium-ion Thruster? 15566 | -4/Factory | Discovered new exit (range 5) 15567 | -4/Factory | Identified exit to Upper Caves 15649 | -4/Factory | Sucked down chute 15649 | -4/Factory | Entered Waste 15650 | -4/Waste | Joined by Warlord forces that had cleared the area 15698 | -4/Waste | Discovered new exit (range 11) 15700 | -4/Waste | Identified exit to Factory 15723 | -4/Waste | Entered Factory 15723 | -4/Factory | Accompanied by 3 allies 15745 | -4/Factory | Repaired Lgt. Angular Momentum Engine 16017 | -4/Factory | Discovered exit to Upper Caves (range 16) 16084 | -4/Factory | Identified exit to Armory 16282 | -4/Factory | Fabricated Cld. Cesium-ion Thruster (x1) 16397 | -4/Factory | Spotted B-86 Titan 16399 | -4/Factory | Loaded intel: 8 recycling unit locations 16430 | -4/Factory | Lost 3 parts (2n1u) 16569 | -4/Factory | Entered Armory 16764 | -4/Armory | Repaired Lrn. Sensor Array 16833 | -4/Armory | Identified Transdimensional Reconstructor 16833 | -4/Armory | Warped through subspace to slip node 16833 | -4/Armory | Discovered new exit (range 1) 16833 | -4/Armory | Identified exit to Lab 17008 | -4/Armory | Entered Lab 17008 | -4/Lab | Discovered new exit (range 9) 17013 | -4/Lab | Identified exit to Research 17014 | -4/Lab | Hidden lab's door opened automatically 17014 | -4/Lab | Sensor layout match revealed 17015 | -4/Lab | Gained access to the hidden lab's interior 17017 | -4/Lab | Found Alien Artifact 17023 | -4/Lab | Found Transdimensional Reconstructor 17027 | -4/Lab | Found Alien Artifact 17028 | -4/Lab | Identified Integrated Dissipator 17028 | -4/Lab | Installed Integrated Dissipator, increased core heat dissipation (+20) 17033 | -4/Lab | Found Alien Artifact 17037 | -4/Lab | Found Prototype Hackware 17038 | -4/Lab | Found Prototype Protection 17040 | -4/Lab | Found Prototype Energy Gun 17040 | -4/Lab | Identified Tachyon Dispersion Ray 17042 | -4/Lab | Found Prototype Energy Gun 17042 | -4/Lab | Identified Hyp. EM Gauss Rifle 17062 | -4/Lab | Identified Core Reset Matrix 17062 | -4/Lab | Identified Core Expander 17062 | -4/Lab | Used Core Reset Matrix 17063 | -4/Lab | Installed Core Expander, added new Propulsion slot 17064 | -4/Lab | Identified Hvy. Regenerative Plating 17081 | -4/Lab | Identified Deep Network Scanner 17092 | -4/Lab | Entered Research 17092 | -3/Research | Evolved 2 slots: Utility x2 17097 | -3/Research | Loaded intel: 5 recycling unit locations 17129 | -3/Research | Identified exit to Quarantine 17379 | -3/Research | Crushed by falling debris 17380 | -3/Research | System corruption reached 10% 17410 | -3/Research | Lost 4 parts (2n2u) 17419 | -3/Research | Fabricated Impulse Thruster Array (x1) 17435 | -3/Research | Entered Quarantine 17436 | -3/Quarantine | Detected hypermatrix surge 17436 | -3/Quarantine | Sensed 16 artifacts in vicinity 17440 | -3/Quarantine | Found Subatomic Replicator 17444 | -3/Quarantine | Found Unknown Launcher 17444 | -3/Quarantine | Identified Fusion Bomb Launcher 17678 | -3/Quarantine | Build established: Wizard-Sprinter 18015 | -3/Quarantine | Found Core Reset Matrix 18017 | -3/Quarantine | Sensed 14 artifacts in vicinity 18096 | -3/Quarantine | Spotted Fortress 18114 | -3/Quarantine | Discovered new exit (range 6) 18114 | -3/Quarantine | Discovered new exit (range 7) 18115 | -3/Quarantine | Identified exit to Section 7 18115 | -3/Quarantine | Identified exit to Protoforge 18116 | -3/Quarantine | Entered Protoforge 18117 | -3/Protoforge | Sensed 2 artifacts in vicinity 18118 | -3/Protoforge | Superfortress began startup sequence 18229 | -3/Protoforge | Identified exit to Research 18328 | -3/Protoforge | Spotted B-86 Titan 18385 | -3/Protoforge | Repaired Cld. Nuclear Pulse Thruster? 18555 | -3/Protoforge | Spotted Hotshot 18555 | -3/Protoforge | Spotted Hotshot 18555 | -3/Protoforge | Spotted AP7-3 18560 | -3/Protoforge | Spotted Hotshot 18560 | -3/Protoforge | Spotted Hotshot 18596 | -3/Protoforge | Spotted Decapitator 18596 | -3/Protoforge | Spotted Decapitator 18606 | -3/Protoforge | UFD initiated attack on Protoforge 18606 | -3/Protoforge | Loaded intel: 3 recycling unit locations 18618 | -3/Protoforge | Spotted EXE-6 18618 | -3/Protoforge | Spotted EXE-6 18642 | -3/Protoforge | Optimus greeted in Protoforge 18672 | -3/Protoforge | Lost 4 allies 18704 | -3/Protoforge | Fabricated I-47 Archangel (x1) 18710 | -3/Protoforge | Fabricated Mni. Smartbomb Launcher (x1) 18711 | -3/Protoforge | Fabricated Mni. Smartbomb Launcher (x1) 18809 | -3/Protoforge | Spotted Striker 18818 | -3/Protoforge | Destroyed 13 combat bots 18833 | -3/Protoforge | Spotted Striker 18877 | -3/Protoforge | Lost 3 allies 18914 | -3/Protoforge | Spotted Striker 18931 | -3/Protoforge | Spotted Striker 18962 | -3/Protoforge | Spotted Executioner 18976 | -3/Protoforge | Destroyed Executioner 18994 | -3/Protoforge | Lost 6 allies 19022 | -3/Protoforge | Destroyed 15 combat bots 19032 | -3/Protoforge | Spotted Immortal 19039 | -3/Protoforge | Spotted Immortal 19046 | -3/Protoforge | Spotted Immortal 19086 | -3/Protoforge | UFD reported confirmed Drillbomb installation 19131 | -3/Protoforge | Spotted Striker 19132 | -3/Protoforge | Spotted Striker 19136 | -3/Protoforge | Spotted Executioner 19140 | -3/Protoforge | Spotted Executioner 19145 | -3/Protoforge | Build established: Hacker-Sprinter 19153 | -3/Protoforge | Destroyed Executioner 19155 | -3/Protoforge | Destroyed Executioner 19177 | -3/Protoforge | UFD reported confirmed Drillbomb installation 19218 | -3/Protoforge | Spotted Hotshot 19220 | -3/Protoforge | Destroyed Hotshot 19223 | -3/Protoforge | Destroyed Hotshot 19223 | -3/Protoforge | Destroyed Hotshot 19223 | -3/Protoforge | Destroyed Hotshot 19237 | -3/Protoforge | Spotted Executioner 19251 | -3/Protoforge | Destroyed Executioner 19285 | -3/Protoforge | Spotted Executioner 19299 | -3/Protoforge | Destroyed Executioner 19302 | -3/Protoforge | Spotted Executioner 19304 | -3/Protoforge | Destroyed Executioner 19320 | -3/Protoforge | Spotted Executioner 19321 | -3/Protoforge | Spotted Executioner 19333 | -3/Protoforge | Destroyed Executioner 19354 | -3/Protoforge | Destroyed 25 combat bots 19366 | -3/Protoforge | Found UFD Drillbomb 19375 | -3/Protoforge | Lost 12 allies 19409 | -3/Protoforge | Spotted Executioner 19409 | -3/Protoforge | Spotted Executioner 19432 | -3/Protoforge | Destroyed Executioner 19454 | -3/Protoforge | Lost 5 allies 19459 | -3/Protoforge | Installed UFD Drillbomb at designated target 19459 | -3/Protoforge | UFD reported confirmed Drillbomb installation 19475 | -3/Protoforge | Spotted Immortal 19476 | -3/Protoforge | Spotted Immortal 19482 | -3/Protoforge | Found UFD Drillbomb 19493 | -3/Protoforge | Installed UFD Drillbomb at designated target 19493 | -3/Protoforge | UFD reported confirmed Drillbomb installation 19497 | -3/Protoforge | Spotted Executioner 19511 | -3/Protoforge | Spotted Executioner 19530 | -3/Protoforge | Found UFD Drillbomb 19567 | -3/Protoforge | Spotted Executioner 19576 | -3/Protoforge | Spotted Executioner 19587 | -3/Protoforge | Core integrity fell below 50% 19595 | -3/Protoforge | Lost 14 allies 19674 | -3/Protoforge | Spotted Executioner 19689 | -3/Protoforge | Spotted Executioner 19699 | -3/Protoforge | Spotted Executioner 19708 | -3/Protoforge | Destroyed Executioner 19714 | -3/Protoforge | Spotted Executioner 19726 | -3/Protoforge | Spotted Executioner 19733 | -3/Protoforge | Destroyed Executioner 19747 | -3/Protoforge | Destroyed Executioner 19763 | -3/Protoforge | Spotted Executioner 19766 | -3/Protoforge | Destroyed Executioner 19766 | -3/Protoforge | Spotted Striker 19787 | -3/Protoforge | Destroyed 12 combat bots 19788 | -3/Protoforge | Lost 10 allies 19801 | -3/Protoforge | Spotted Hotshot 19802 | -3/Protoforge | Spotted Hotshot 19822 | -3/Protoforge | Installed UFD Drillbomb at designated target 19822 | -3/Protoforge | UFD reported confirmed Drillbomb installation 19828 | -3/Protoforge | Found UFD Drillbomb 19842 | -3/Protoforge | Installed UFD Drillbomb at designated target 19842 | -3/Protoforge | UFD reported confirmed Drillbomb installation 19847 | -3/Protoforge | Found UFD Drillbomb 19859 | -3/Protoforge | Spotted Executioner 19860 | -3/Protoforge | Spotted Executioner 19860 | -3/Protoforge | Spotted Executioner 19868 | -3/Protoforge | Spotted Executioner 19868 | -3/Protoforge | Spotted Striker 19896 | -3/Protoforge | Installed UFD Drillbomb at designated target 19896 | -3/Protoforge | UFD reported confirmed Drillbomb installation 19989 | -3/Protoforge | Fabricated Mni. Smartbomb Launcher (x1) 19992 | -3/Protoforge | Fabricated Mni. Smartbomb Launcher? 20020 | -3/Protoforge | Found UFD Drillbomb 20039 | -3/Protoforge | Spotted Executioner 20054 | -3/Protoforge | Spotted Executioner 20109 | -3/Protoforge | Destroyed 10 combat bots 20114 | -3/Protoforge | Lost 8 allies 20136 | -3/Protoforge | Installed UFD Drillbomb at designated target 20136 | -3/Protoforge | UFD reported confirmed Drillbomb installation 20140 | -3/Protoforge | Spotted Hotshot 20140 | -3/Protoforge | Spotted Hotshot 20141 | -3/Protoforge | Spotted Executioner 20142 | -3/Protoforge | Spotted Executioner 20146 | -3/Protoforge | Found UFD Drillbomb 20177 | -3/Protoforge | Installed UFD Drillbomb at designated target 20177 | -3/Protoforge | UFD reported confirmed Drillbomb installation 20212 | -3/Protoforge | Spotted Striker 20217 | -3/Protoforge | Spotted Executioner 20232 | -3/Protoforge | Destroyed Striker 20236 | -3/Protoforge | Spotted Executioner 20238 | -3/Protoforge | Spotted Executioner 20272 | -3/Protoforge | Destroyed 8 combat bots 20272 | -3/Protoforge | Lost 6 parts (3n3u) 20284 | -3/Protoforge | Lost 4 allies 20314 | -3/Protoforge | Spotted Striker 20344 | -3/Protoforge | Lost 3 allies 20351 | -3/Protoforge | Spotted Executioner 20351 | -3/Protoforge | Spotted Striker 20359 | -3/Protoforge | Core integrity fell below 20% 20438 | -3/Protoforge | Lost 3 allies 20461 | -3/Protoforge | Lost 9 parts (8n1w) 20466 | -3/Protoforge | Spotted Executioner 20466 | -3/Protoforge | Destroyed by Executioner with Helical Railgun Last Messages --------------- 20419_ Dropped Lgt. Antimatter Reactor. 20419_ Identified Lgt. Humpback. 20420_ Penetrated by Slug. 20420_ Field Propulsion Array destroyed. 20421_ Acquired 5 matter. 20423_ 0bP_NET: Lugger 765 inbound, all units not involved in other operations escort to target. 20425_ Acquired Xenon Bombardment Thruster. 20427_ Penetrated by Slug. 20427_ Xenon Bombardment Thruster destroyed. 20427_ Penetrated by Slug. 20427_ Xenon Bombardment Thruster destroyed. 20428_ Acquired Xenon Bombardment Thruster. 20430_ Xenon Bombardment Thruster destroyed. 20430_ Acquired 10 matter. 20432_ System corrupted: Matter fused (-5). 20432_ Acquired 5 matter. 20448_ System corrupted: Matter fused (-7). 20457_ Acquired 7 matter. 20466_ Penetrated by Slug. Map ----- +----------------------------------------------------+ | ????????????## """ % " #?????????????????? | | ????????????## % % =* ####?????????????????? | | ############## % !! ##???????????????????? | | ################### % [%! #???????????????????? | | " * % ![= ##???????????????????? | | "%!%![=* ##???????????????????? | | / [ ##???????????????????? | | % % ! ##???????????????????? | | ###+#######"#""# # #####???????????????????? | | ##### [ % * ######???????????????????? | | ####" " %"##????????????????????????? | | """" ##### " "" #????????????????????????? | | """" #### """ #????????????????????????? | | """" ##### """" #????????????????????????? | | """" ### *%! #????????????????????????? | | ### # ! #????????###########?????? | | #### %% ###?????##############?????? | | ########### # ## ###????## # ##?????? | | ########### #=# ##????## # ##?????? | | % #????# ##?????? | | b #?#### ##?????? | | #####+######## / # # ####### # ##?????? | | ##?? ???## E# ## = # ##?????? | | ##?? ???## # E #### % l # ##?????? | | ##? ??## # b T" # ##?????? | | ##? ??## @ m "" + ##?????? | | ## ?## """" # # gl # ##?????? | | ## """"?## """" # # ### # ##?????? | | ## """" ## """" ############### ##?????? | | ## """" ## """" ##????######### ##?????? | | ## ""?? ## ##???????????## ##?????? | | ######################???????????## ##?????? | | ######################???????????## ##?????? | | ?????????????????????????????????## ##?????? | | ?????????????????????????????????###########?????? | | ?????????????????????????????????###########?????? | | ?????????????????????????????????????????????????? | | ?????????????????????????????????????????????????? | | ?????????????????????????????????????????????????? | | ?????????????????????????????????????????????????? | | ?????????????????????????????????????????????????? | | ?????????????????????????????????????????????????? | | ?????????????????????????????????????????????????? | | | | | | | | | | | | | | | +----------------------------------------------------+ Best States ------------- Heat Dissipation 73 Energy Generation 39 Energy Capacity 350 Matter Stores 300 Matter Capacity 300 Sight Range 16 Robot Scan Range 18 Terrain Scan Density 10 ECM Strength 2 Power Amplification 20 Additional Mass Support 16 Armor Coverage 600 Propulsion Shielding 15 Phase Shifting 10 Evasion (%) 75 Targeting Accuracy 6 Recoil Reduction 4 Offensive Hacking 45 Defensive Hacking 28 Authchip Count 2 Item Schematics ----------------- Mni. Smartbomb Launcher | -3/Protoforge | Hacked Robot Schematics ------------------ I-47 Archangel | -3/Protoforge | Hacked Fabricated ------------ G-50 Soldier | x3 | -6/Factory | Preloaded Lgt. Antimatter Reactor | x2 | -6/Factory | Preloaded Cld. Cesium-ion Thruster | x1 | -5/Factory | Authchip Cld. Cesium-ion Thruster | x1 | -5/Factory | Authchip Cld. Cesium-ion Thruster | x1 | -4/Factory | Authchip Cld. Cesium-ion Thruster | x1 | -4/Factory | Authchip Impulse Thruster Array | x1 | -3/Research | Preloaded I-47 Archangel | x1 | -3/Protoforge | Authchip Mni. Smartbomb Launcher | x1 | -3/Protoforge | Authchip Mni. Smartbomb Launcher | x1 | -3/Protoforge Mni. Smartbomb Launcher | x1 | -3/Protoforge Mni. Smartbomb Launcher | x1 | -3/Protoforge Repaired ---------- Lgt. Angular Momentum Engine | 31% | -4/Factory Lrn. Sensor Array | 22% | -4/Armory Cld. Nuclear Pulse Thruster | 30% | -3/Protoforge Alien Tech Used ----------------- Integrated Reactor Transdimensional Reconstructor Integrated Dissipator Core Reset Matrix Core Expander Achievements -------------- None Challenges ------------ None Game ------ Seed HelicalWarlordProtomatter Manual? 0 Play Time 04:21:12 Cumulative 255.7 hours Start 2025.05.09 @ 20:40:56 End 2025.05.10 @ 15:46:01 Sessions 5 Manual Loads 0 Difficulty Rogue Special Mode None Game No. 174 Rogue 174 Adventurer 0 Explorer 0 Win Type - Total 13 Types 6/0/5/1/0/0/0/1/0/0 Lore% 77 Gallery% 71 Achievement% 73 Wizard Run 0 Options --------- Layout 0 ASCII 0 Keyboard 0 Movement Mouse Keybinds 0 Fullscreen 2 Font 24/Smallcaps Map View 76x50 Zoom Use 0% Tactical HUD 1 Map Filters NONE Filters NONE Steam 1 RUN: f0693703-7f2f-4e80-8c0b-8f4246281b01